AoeStats
← DS_Kvothe

Arena

509757899Analyzed
1v1 RM · 4d ago on Sep 27, 2026· 31m 13s· 2 players
Game mode
Random Map
Map size
Tiny (2 player)
Population
200
Speed
Normal
Resources
Standard
Victory
Conquest
Starting age
Dark Age
Ending age
Imperial Age
RankedLock teamsTeams togetherTeam positionsShared explorationLock speedFull tech treeHidden civsTurbo modeCheats
Victory
Defeat
🇦🇷 Celts · Argentina
1937
+12
🇨🇿 Saracens · Czechia
1845
-12
DS_Kvothe
10:26 Feudal Age
14:12 Castle Age
13:10 Double-Bit Axe
13:46 Horse Collar
17:50 Light Cavalry
19:37 Husbandry
21:16 Bow Saw
21:35 Pikeman
22:13 Loom
23:07 Wheelbarrow
28:09 Imperial Age
26:41 Fletching
27:15 Scale Mail Armor
28:25 Chain Mail Armor
29:43 Plate Mail Armor
31:17 Bodkin Arrow
alesh
10:45 Feudal Age
11:43 Double-Bit Axe
14:30 Castle Age
13:05 Horse Collar
16:29 Husbandry
16:59 Light Cavalry
19:07 Bow Saw
19:26 Gold Mining
22:59 Wheelbarrow
27:09 Imperial Age
24:27 Loom
27:13 Imperial Age
24:28 Crossbowman
25:44 Fletching
26:39 Ballistics
26:29 Bodkin Arrow
27:43 Arbalester
29:28 Chemistry
29:14 Bracer
30:38 Arbalester
Connection lost

Rejoining the realm…

Still unreachable

The connection could not be restored.

Session expired

The server has moved on; the page needs a fresh start.